 Dungeon Crawl Stone Soup version bcrawl-1.34.4 (webtiles) character file.

Game seed: 9591708786252827877

310452 donomii the Basher (level 10, -2/110 HPs)
             Began as an Ent Sloth Apostle on Oct 26, 2021.
             Was a High Priest of Cheibriados.
             Slain by a two-headed ogre
             ... wielding a +0 giant club
              (28 damage)
             ... on level 8 of the Dungeon.
             The game lasted 00:33:33 (7429 turns).

donomii the Basher (Ent Sloth Apostle)              Turns: 7429, Time: 00:33:33

Health: -2/110     AC: 17    Str: 34    XL:     10   Next: 10%
Magic:  18/18      EV:  7    Int: 26    God:    Cheibriados [*****.]
Gold:   435        SH:  0    Dex: 23    Spells: 18/19 levels left

rFire    . . .     SeeInvis .   a - +1 mace
rCold    . . .     Gourm    .   b - +0 medium shield
rNeg     + + +     Faith    .   (armour unavailable)
rPois    +         Spirit   .   (helmet restricted)
rElec    .         Reflect  .   (no cloak)
rCorr    .         Harm     .   (gloves unavailable)
MR       +....     Clarity  +   (boots unavailable)
Stlth    +.........             (no amulet)
HPRegen  0.28/turn              k - +2 ring of dexterity
MPRegen  0.16/turn              (no ring)

@: confused, very slow
A: large, slow actions, passwall, strong branches, negative energy resistance 3,
poison resistance, slow metabolism 1, torment resistance, unbreathing, AC +17
a: Passwall, Bend Time, Defer, Temporal Distortion, Step From Time, Renounce
Religion


You were on level 8 of the Dungeon.
You worshipped Cheibriados.
Cheibriados was extremely pleased with you.
You were not hungry.

You visited 1 branch of the dungeon, and saw 8 of its levels.

You collected 435 gold pieces.

Inventory:

Hand Weapons
 a - a +1 mace (weapon)
 t - a +0 shortbow
 u - a +0 scythe of venom
 E - a +1 shortbow of freezing
 L - a +0 giant spiked club
 N - the +7 short sword of the Final Chapter {pain, +Inv, unknown}
   (You found it on level 8 of the Dungeon)

   In the hands of one skilled in necromantic magic, it inflicts extra damage on
   living creatures.
   It lets you turn invisible.
Missiles
 l - 258 poisoned tomahawks (quivered)
 m - 1474 stones
 n - 108 poisoned needles
 o - 580 sling bullets
 p - 2 throwing nets {=f}
 y - 924 arrows
Armour
 b - a +0 medium shield (worn)
 r - a +0 ring mail
 x - a +0 chain mail
 G - a +2 robe of magic recovery
Jewellery
 i - an uncursed ring of protection from magic {unknown}
 k - a +2 ring of dexterity (left hand)
 I - an uncursed ring of magical power {unknown}
Wands
 c - a wand of paralysis (17)
 K - a wand of disintegration (17)
Scrolls
 d - 2 scrolls of teleportation
 h - 5 scrolls of remove curse
 v - a scroll of fog
 w - a scroll of magic mapping
 A - a scroll of blinking
 F - a scroll of immolation
Potions
 g - a potion of resistance
 j - a potion of agility
 q - a potion of might
 s - 3 potions of brilliance
 z - a potion of heal wounds {unknown}
 B - 2 potions of invisibility {unknown}
 C - a potion of mutation {unknown}
 D - a potion of berserk rage
 H - 2 potions of curing {unknown}
 J - a potion of lignification {unknown}
Comestibles
 e - 13 rations {!d}
 M - 7 chunks of flesh


   Skills:
 + Level 7.5 Fighting
 + Level 8.1 Maces & Flails
 - Level 3.9 Stealth
 + Level 5.6 Shields
 + Level 5.3 Spellcasting
 + Level 5.1 Hexes
 + Level 7.5 Invocations
 - Level 0.8 Evocations


You had 18 spell levels left.
You knew the following spells:

 Your Spells              Type           Power        Failure   Level  Hunger
a - Slow                  Hex            ####....     3%          1    None
Your spell library was empty.

Dungeon Overview and Level Annotations

Branches:
Dungeon (8/12)             Temple (0/1) D:6
   Lair: D:7-9          Orc: D:8-11

Altars:
Ashenzari
Cheibriados
Elyvilon
Fedhas
Ru
Trog
Yredelemnul

Shops:
D:6 (

Annotations:
D:7 2 transporters, pheathergobbo575's ghost, novice HOFi


Innate Abilities, Weirdness & Mutations

You move and act slowly.
You can pass through walls and trees.
Your branches can wield two-handed weapons with a shield.
Your thick bark is tough. (AC +17)
You are too large for most types of armour.
You are immune to negative energy. (rN+++)
Your system is resistant to poisons. (rPois)
You have a slow metabolism.
You are immune to unholy pain and torment.
You can survive without breathing.


Message History

The ogre closely misses you. The ogre closely misses you.
The ogre hits you with a +0 giant club!
The two-headed ogre hits you with a +0 giant club!!
The two-headed ogre barely misses you. The ogre hits you with a +0 giant club!
The two-headed ogre hits you with a +0 giant club.
The two-headed ogre hits you but does no damage.
The ogre hits you with a +0 giant club.
The two-headed ogre hits you with a +0 giant club! x2
* * * LOW HITPOINT WARNING * * *
The ogre barely misses you.
You hit the two-headed ogre.
The two-headed ogre is moderately wounded.
The two-headed ogre barely misses you.
The two-headed ogre hits you with a +0 giant club!
* * * LOW HITPOINT WARNING * * *
The ogre barely misses you.
You bump into the rock wall.
The two-headed ogre hits you with a +0 giant club!!
You die...

.....÷...........#
#'##...O##.......#
..##....##.......#
..'......'.......#
..#......#.......#
..#......#.......#
..##÷...##.......#
..##....#.......O#
...............O@#
.......##.....####
.O...######...
..O.#. #.#.. #'..
# .##. ..?# .O.


You could see a two-headed ogre and an ogre.

Vanquished Creatures
  A hippogriff (D:6)
  Sigmund (D:4)
  A wyvern (D:8)
  2 water moccasins
  A black bear (D:7)
  An orc warrior (D:6)
  A phantom (D:6)
  3 sky beasts
  A necrophage (D:6)
  5 ogres
  5 centaurs
  2 big kobolds (D:7)
  2 bullfrogs
  A gnoll sergeant (D:5)
  3 scorpions
  5 howler monkeys
  An orc priest (D:6)
  2 centaur zombies
  4 crimson imps
  A hound (D:6)
  2 jellies
  3 orc wizards
  2 centaur skeletons (D:5)
  11 worker ants
  A hound zombie (D:5)
  A hound skeleton (D:6)
  2 worker ant zombies
  6 adders
  12 gnolls
  A shadow imp (D:7)
  3 oozes
  5 worms
  A dart slug (D:3)
  A leopard gecko (D:3)
  21 orcs
  A ball python (D:3)
  4 giant cockroaches
  6 goblins
  4 hobgoblins
  13 jackals
  18 kobolds
  4 quokkas
  A ball python skeleton (D:4)
  6 bats
  3 frilled lizards
  A jackal zombie (D:5)
  3 rats (D:1)
179 creatures vanquished.

Vanquished Creatures (others)
  An orc wizard (D:6)
  A goblin (D:2)
  A quokka (D:2)
3 creatures vanquished.

Grand Total: 182 creatures vanquished

Notes
Turn   | Place    | Note
-------+----------+-------------------------------------------
     0 | D:1      | donomii the Ent Sloth Apostle began the quest for the Orb.
     0 | D:1      | Reached XP level 1. HP: 22/22 MP: 2/2
   237 | D:1      | Reached XP level 2. HP: 30/30 MP: 3/3
   923 | D:2      | Found a white marble altar of Elyvilon.
   951 | D:2      | Found a faded altar of an unknown god.
   963 | D:2      | Reached skill level 3 in Maces & Flails
   963 | D:2      | Reached skill level 1 in Invocations
   963 | D:2      | Reached XP level 3. HP: 39/39 MP: 4/4
  1041 | D:2      | Reached * piety under Cheibriados
  1220 | D:2      | Reached XP level 4. HP: 36/47 MP: 5/5
  1669 | D:3      | Reached XP level 5. HP: 52/57 MP: 6/6
  1695 | D:3      | Reached ** piety under Cheibriados
  1749 | D:3      | Noticed a sky beast
  1770 | D:3      | Killed a sky beast
  1771 | D:3      | Reached skill level 4 in Maces & Flails
  2310 | D:3      | Reached XP level 6. HP: 67/67 MP: 8/8
  2325 | D:3      | Reached *** piety under Cheibriados
  2373 | D:3      | Found a basalt altar of Yredelemnul.
  2890 | D:4      | Noticed Sigmund
  3304 | D:4      | Found a sacrificial altar of Ru.
  3450 | D:4      | Reached XP level 7. HP: 77/77 MP: 8/10
  3538 | D:4      | Killed Sigmund
  3539 | D:4      | Reached skill level 5 in Maces & Flails
  3628 | D:5      | Entered Level 5 of the Dungeon
  3888 | D:5      | Reached skill level 5 in Fighting
  4034 | D:5      | Reached skill level 5 in Invocations
  4209 | D:5      | Reached XP level 8. HP: 64/88 MP: 11/11
  4442 | D:5      | Reached skill level 6 in Maces & Flails
  4689 | D:5      | Reached **** piety under Cheibriados
  5072 | D:5      | Found a blossoming altar of Fedhas.
  5206 | D:5      | Found a bloodstained altar of Trog.
  5493 | D:6      | Found a staircase to the Ecumenical Temple.
  5605 | D:6      | Reached XP level 9. HP: 96/96 MP: 14/14
  5938 | D:6      | Reached skill level 7 in Maces & Flails
  5992 | D:6      | Found Egee's Antique Weapon Shop.
  6007 | D:6      | Reached skill level 5 in Shields
  6207 | D:7      | Reached ***** piety under Cheibriados
  6677 | D:7      | Noticed a moth of wrath
  6684 | D:7      | Noticed pheathergobbo575's ghost (novice HOFi)
  6684 | D:7      | Noticed a troll
  6688 | D:7      | Found a transporter.
  6692 | D:7      | Found a transporter.
  6693 | D:7      | Found a bloodstained altar of Trog.
  6749 | D:7      | Reached skill level 5 in Spellcasting
  6977 | D:7      | Found a shattered altar of Ashenzari.
  6980 | D:7      | Found a snail-covered altar of Cheibriados.
  7223 | D:8      | Reached skill level 8 in Maces & Flails
  7226 | D:8      | Reached skill level 5 in Hexes
  7226 | D:8      | Reached XP level 10. HP: 108/110 MP: 17/17
  7315 | D:8      | Got a dazzling short sword
  7381 | D:8      | Noticed a two-headed ogre
  7429 | D:8      | Slain by a two-headed ogre

Skill      XL: |  1  2  3  4  5  6  7  8  9 |
---------------+----------------------------+-----
Shields        | 2 3 4 5 |  5.6
Maces & Flails | 3 4 5 6 8 |  8.1
Invocations    | 1 2 3 4 5 6 7 |  7.5
Fighting       | 3 4 5 6 7 |  7.5
Spellcasting   | 3 5 |  5.3
Hexes          | 3 5 |  5.1
Stealth        | |  3.9
Evocations     | |  0.8

Action                   |  1- 3 |  4- 6 |  7- 9 | 10-12 || total
-------------------------+-------+-------+-------+-------++-------
Melee: Mace              |    99 |   201 |   477 |    24 ||   801
Throw: Tomahawk          |       |     3 |    13 |     6 ||    22
Invok: Bend Time         |       |       |     4 |     2 ||     6
Evoke: Wand              |       |       |     3 |       ||     3
  Use: Scroll            |     4 |     3 |    11 |     3 ||    21
       Potion            |       |     1 |       |     1 ||     2
 Stab: Sleeping          |     8 |     2 |     5 |     1 ||    16
       Paralysed         |       |       |     6 |       ||     6
       Distracted        |       |       |     2 |       ||     2
  Eat: Chunk             |     5 |     9 |    21 |     3 ||    38
       Ration            |       |     1 |       |       ||     1
Armor: Skin              |    65 |   151 |   344 |     8 ||   568
Dodge: Dodged            |    39 |    68 |   180 |     9 ||   296
Block: Medium shield     |    44 |   121 |   428 |    13 ||   606
